DALLAS Stars vs NASHVILLE Predators

Created - 29 février 2024 at 16:11

Goals
1 2 3 T
DALLAS Stars 1 2 1 4
NASHVILLE Predators 2 3 1 6
Shots
1 2 3 T
DALLAS Stars 8 8 11 27
NASHVILLE Predators 9 10 16 35

1st period

1. NASHVILLE Predators , Jaccob Slavin 7 (Brent Burns 15, Aleksander Barkov 22) at 5:12 (PP)
2. NASHVILLE Predators , Pavel Zacha 9 (Travis Hamonic 13, Dmitry Kulikov 6) at 11:39
3. DALLAS Stars , Viktor Arvidsson 16 (Sonny Milano 9, Ryan Suter 13) at 14:05

Penalties :
Peyton Krebs (DAL) for Slashing (Minor) at 5:08, Tanner Jeannot (NSH) for High sticking (Minor) at 5:21

2nd period

4. NASHVILLE Predators , Brent Burns 6 (Jaccob Slavin 26, Pavel Zacha 14) at 5:29 (PP)
5. NASHVILLE Predators , Pavel Zacha 10 (Esa Lindell 18, Travis Hamonic 14) at 8:29 (PP)
6. DALLAS Stars , Sonny Milano 12 (Peyton Krebs 24) at 8:38
7. DALLAS Stars , Juuso Valimaki 4 (Viktor Arvidsson 15, Jesperi Kotkaniemi 16) at 12:49 (PP)
8. NASHVILLE Predators , Brent Burns 7 (Jaccob Slavin 27, Dylan Larkin 19) at 13:03

Penalties :
Tanner Jeannot (NSH) for Tripping (Minor) at 3:15, Jesperi Kotkaniemi (DAL) for Boarding (Minor) at 5:01, Peyton Krebs (DAL) for Roughing (Minor) at 7:37, Brent Burns (NSH) for Delaying the game (Minor) at 11:34, Juuso Valimaki (DAL) for Holding (Minor) at 14:02, Tanner Jeannot (NSH) for Roughing (Minor) at 18:15

3rd period

9. NASHVILLE Predators , Brent Burns 8 (Dylan Larkin 20, Johnny Gaudreau 13) at 0:58
10. DALLAS Stars , Jesperi Kotkaniemi 9 (Conor Timmins 12, Marc-Edouard Vlasic 16) at 11:05

Penalties :
Tanner Jeannot (NSH) for Holding (Minor) at 2:07, Luke Schenn (NSH) for Tripping (Minor) at 7:31, Peyton Krebs (DAL) for Holding (Minor) at 11:32

Goalie Stats

Carter Hart (DAL), 8 saves from 10 shots - (0,800), 16:50 minutes
Matthew Villalta (DAL), 21 saves from 25 shots - (0,840), L, 2-12-0, 43:10 minutes
Juuse Saros (NSH), 23 saves from 27 shots - (0,852), W, 23-7-4, 60:00 minutes

Players Stats for DALLAS Stars

Player Name              G  A  P  +/- PIM S  H  SB GA TA FO     MP     PP MP  PK MP  
------------------------------------------------------------------------------------
Alexander Radulov        0  0  0   0  0   2  0  0  0  0  0/0    12:40   4:47   0:27 
Aliaksei Protas          0  0  0   0  0   1  0  0  0  0  0/3    17:50   6:45   3:28 
Andreas Johnsson         0  0  0  -2  0   0  1  0  0  0  1/3     7:00   0:00   0:00 
Brendan Gallagher        0  0  0   1  0   0  1  0  0  0  0/0    14:57   0:00   1:10 
Cal Clutterbuck          0  0  0  -2  0   1  1  0  0  0  0/0     7:00   0:00   0:00 
Conor Timmins            0  1  1  -1  0   3  2  2  0  0  0/0    22:53   4:47   2:33 
Emil Bemstrom            0  0  0   1  0   3  0  0  0  0  0/0    18:33   4:12   0:21 
Jesperi Kotkaniemi       1  1  2   1  2   7  5  0  0  0  13/28  19:30   5:43   0:00 
Juuso Valimaki           1  0  1   1  2   1  2  0  0  0  0/0    24:28   6:10   1:30 
Marc-Edouard Vlasic      0  1  1  -1  0   0  2  4  0  0  0/0    18:18   0:00   2:32 
Nicklas Backstrom        0  0  0   0  0   1  0  0  0  0  5/9     7:26   0:00   0:00 
Patrik Nemeth            0  0  0   0  0   0  5  0  0  0  0/0    12:39   0:00   1:07 
Paul Cotter              0  0  0  -2  0   0  0  1  0  0  6/17   10:42   0:00   3:42 
Peyton Krebs             0  1  1   1  6   2  6  0  0  0  12/33  20:40   5:13   0:00 
Ryan Suter               0  1  1   1  0   0  3  1  0  0  0/0    22:46   6:10   0:00 
Sean Walker              0  0  0   0  0   0  0  1  0  0  0/0    14:08   0:00   2:36 
Sonny Milano             1  1  2   1  0   3  1  0  0  0  1/2    20:50   4:12   1:10 
Viktor Arvidsson         1  1  2   1  0   3  0  0  0  0  1/1    22:13   6:45   0:00 

Players Stats for NASHVILLE Predators

Player Name              G  A  P  +/- PIM S  H  SB GA TA FO     MP     PP MP  PK MP  
------------------------------------------------------------------------------------
Aleksander Barkov        0  1  1  -2  0   4  0  0  0  0  20/29  18:49   2:52   1:14 
Alex DeBrincat           0  0  0  -2  0   1  0  0  0  0  2/3    23:25   2:52   5:50 
Brent Burns              3  1  4   1  2   5  2  1  0  0  0/0    21:29   3:08   0:14 
Dmitry Kulikov           0  1  1   0  0   0  1  1  0  0  0/0    11:47   0:00   0:31 
Dylan Gambrell           0  0  0   0  0   1  2  0  0  0  2/6     6:08   0:00   0:00 
Dylan Larkin             0  2  2   3  0   4  4  0  0  0  10/20  15:32   2:17   0:00 
Esa Lindell              0  1  1  -1  0   2  0  1  0  0  0/0    23:54   2:01   5:26 
Jaccob Slavin            1  2  3   1  0   3  0  2  0  0  0/0    24:50   3:08   5:31 
Jean-Gabriel Pageau      0  0  0  -1  0   1  1  0  0  0  18/31  16:51   0:00   7:03 
Jimmy Vesey              0  0  0  -1  0   0  3  1  0  0  0/0    12:28   0:00   2:40 
Johnny Gaudreau          0  1  1   3  0   2  0  0  0  0  0/0    16:30   2:52   0:23 
Jonatan Berggren         0  0  0   0  0   1  0  0  0  0  1/1     6:08   0:00   0:00 
Luke Schenn              0  0  0  -1  2   1  6  1  0  0  0/0    19:10   0:00   4:41 
Nicholas Robertson       0  0  0   0  0   0  0  0  0  0  0/0     6:08   0:00   0:00 
Pavel Zacha              2  1  3   3  0   6  3  1  0  0  4/5    18:12   2:17   2:40 
Reilly Smith             0  0  0  -1  0   2  0  0  0  0  0/0    12:05   2:17   0:00 
Tanner Jeannot           0  0  0  -2  8   1  3  0  0  0  0/1    16:30   0:00   2:04 
Travis Hamonic           0  2  2   0  0   1  1  0  0  0  0/0    18:48   2:01   5:31 

3 Stars

1 - Pavel Zacha (NSH)
2 - Brent Burns (NSH)
3 - Jaccob Slavin (NSH)

Power Play

DALLAS Stars - 1 on 6 Attempt(s) - 16,67%
NASHVILLE Predators - 3 on 5 Attempt(s) - 60,00%

Penalty Kill

DALLAS Stars - 2 on 5 Attempt(s) - 40,00% - Score 0 goal in Penalty Kill
NASHVILLE Predators - 5 on 6 Attempt(s) - 83,33% - Score 0 goal in Penalty Kill

Team Stat

DALLAS Stars - Hits : 29 - Faceoff Wins : 39 - Blocked Shots : 9 - Penalty Minutes : 10
NASHVILLE Predators - Hits : 26 - Faceoff Wins : 57 - Blocked Shots : 8 - Penalty Minutes : 12

Official

Referees : Garrett Rank and Chris Lee
Linesman : Ryan Gibbons and Mitchell Hunt

Game Notes

Carter Hart enters game at 11:39 of 1st period
Matthew Villalta enters game at 8:29 of 2nd period
Brent Burns has scored a Hat Trick!

Finance

Level 1 -- Attendance: 5459 (77,99%) -- Ticket Income $518,605
Level 2 -- Attendance: 5604 (93,40%) -- Ticket Income $308,220
Level 3 -- Attendance: 2365 (78,83%) -- Ticket Income $75,680
Level 4 -- Attendance: 4413 (88,26%) -- Ticket Income $88,260
Luxury Box -- Attendance: 834 (80,19%) -- Ticket Income $166,800
Game was played at the Bridgestone Arena.
Total Attendance: 18675 (84,73%)
Total Ticket Income: $1,157,565
Other Income: $289,391
Total Income: $1,446,956

DALLAS Stars

5 vs 5 Forward 
   Center                   Left Wing                Right Wing               Time % Phy DF OF 
 1 Peyton Krebs             Viktor Arvidsson         Sonny Milano             35     1   2  2  
 2 Jesperi Kotkaniemi       Emil Bemstrom            Brendan Gallagher        30     1   2  2  
 3 Nicklas Backstrom        Alexander Radulov        Aliaksei Protas          20     1   2  2  
 4 Paul Cotter              Andreas Johnsson         Cal Clutterbuck          15     1   2  2  

5 vs 5 Defense 
   Defense                  Defense                                           Time % Phy DF OF 
 1 Juuso Valimaki           Ryan Suter                                        40     1   1  3  
 2 Marc-Edouard Vlasic      Conor Timmins                                     30     1   2  2  
 3 Sean Walker              Patrik Nemeth                                     20     2   2  1  
 4 Conor Timmins            Marc-Edouard Vlasic                               10     1   2  2  

PowerPlay Forward 
   Center                   Left Wing                Right Wing               Time % Phy DF OF 
 1 Jesperi Kotkaniemi       Viktor Arvidsson         Aliaksei Protas          60     1   2  2  
 2 Peyton Krebs             Sonny Milano             Emil Bemstrom            40     1   2  2  

PowerPlay Defense
   Defense                  Defense                                           Time % Phy DF OF 
 1 Juuso Valimaki           Ryan Suter                                        60     1   2  2  
 2 Alexander Radulov        Conor Timmins                                     40     1   1  3  

Penalty Kill 4 Players Forward 
   Center                   Wing                     Time % Phy DF OF 
 1 Paul Cotter              Aliaksei Protas          60     1   2  2  
 2 Sonny Milano             Brendan Gallagher        40     1   2  2  

Penalty Kill 4 Players Defense
   Defense                  Defense                  Time % Phy DF OF 
 1 Marc-Edouard Vlasic      Sean Walker              60     1   2  2  
 2 Conor Timmins            Juuso Valimaki           40     1   2  2  

Penalty Kill - 3 Players Forward 
   Forward                                           Time % Phy DF OF 
 1 Paul Cotter                                       60     1   2  2  
 2 Cal Clutterbuck                                   40     1   2  2  

Penalty Kill - 3 Players Defense
   Defense                  Defense                  Time % Phy DF OF 
 1 Marc-Edouard Vlasic      Ryan Suter               60     1   2  2  
 2 Sean Walker              Juuso Valimaki           40     1   2  2  

4 vs 4 Forward 
   Center                   Wing                     Time % Phy DF OF 
 1 Jesperi Kotkaniemi       Emil Bemstrom            60     1   2  2  
 2 Peyton Krebs             Brendan Gallagher        40     1   2  2  

4 vs 4 Defense
   Defense                  Defense                  Time % Phy DF OF 
 1 Marc-Edouard Vlasic      Juuso Valimaki           60     1   2  2  
 2 Conor Timmins            Ryan Suter               40     1   2  2  

Last Minutes Offensive
   Center                   Left Wing                Right Wing               Defense                  Defense                  
   Peyton Krebs             Jesperi Kotkaniemi       Aliaksei Protas          Conor Timmins            Juuso Valimaki           

Last Minutes Defensive
   Center                   Left Wing                Right Wing               Defense                  Defense                  
   Paul Cotter              Aliaksei Protas          Cal Clutterbuck          Marc-Edouard Vlasic      Ryan Suter               

Goaltenders
Starting : Matthew Villalta         
Backup : Carter Hart              

Extra Forwards
Normal : Aliaksei Protas, Peyton Krebs, Alexander Radulov - PP : Aliaksei Protas, Peyton Krebs - PK : Alexander Radulov
Extra Defensemen
Normal : Sean Walker, Juuso Valimaki, Conor Timmins - PP : Sean Walker - PK : Juuso Valimaki, Conor Timmins
Penalty Shots
Viktor Arvidsson, Jesperi Kotkaniemi, Sonny Milano, Nicklas Backstrom, Peyton Krebs

Scratches
Zach Senyshyn (Healthy)

NASHVILLE Predators

5 vs 5 Forward 
   Center                   Left Wing                Right Wing               Time % Phy DF OF 
 1 Aleksander Barkov        Alex DeBrincat           Tanner Jeannot           40     0   2  3  
 2 Dylan Larkin             Johnny Gaudreau          Pavel Zacha              30     0   2  3  
 3 Jean-Gabriel Pageau      Jimmy Vesey              Reilly Smith             20     2   2  1  
 4 Dylan Gambrell           Nicholas Robertson       Jonatan Berggren         10     1   2  2  

5 vs 5 Defense 
   Defense                  Defense                                           Time % Phy DF OF 
 1 Brent Burns              Jaccob Slavin                                     40     0   3  2  
 2 Esa Lindell              Luke Schenn                                       30     1   2  2  
 3 Travis Hamonic           Dmitry Kulikov                                    20     1   3  1  
 4 Esa Lindell              Brent Burns                                       10     1   2  2  

PowerPlay Forward 
   Center                   Left Wing                Right Wing               Time % Phy DF OF 
 1 Aleksander Barkov        Johnny Gaudreau          Alex DeBrincat           60     0   1  4  
 2 Dylan Larkin             Reilly Smith             Pavel Zacha              40     0   1  4  

PowerPlay Defense
   Defense                  Defense                                           Time % Phy DF OF 
 1 Brent Burns              Jaccob Slavin                                     60     1   1  3  
 2 Esa Lindell              Travis Hamonic                                    40     1   1  3  

Penalty Kill 4 Players Forward 
   Center                   Wing                     Time % Phy DF OF 
 1 Jean-Gabriel Pageau      Tanner Jeannot           60     1   3  1  
 2 Pavel Zacha              Jimmy Vesey              40     1   3  1  

Penalty Kill 4 Players Defense
   Defense                  Defense                  Time % Phy DF OF 
 1 Travis Hamonic           Jaccob Slavin            60     1   3  1  
 2 Esa Lindell              Luke Schenn              40     1   3  1  

Penalty Kill - 3 Players Forward 
   Forward                                           Time % Phy DF OF 
 1 Aleksander Barkov                                 60     1   3  1  
 2 Jean-Gabriel Pageau                               40     1   3  1  

Penalty Kill - 3 Players Defense
   Defense                  Defense                  Time % Phy DF OF 
 1 Brent Burns              Jaccob Slavin            60     1   3  1  
 2 Esa Lindell              Luke Schenn              40     1   3  1  

4 vs 4 Forward 
   Center                   Wing                     Time % Phy DF OF 
 1 Aleksander Barkov        Alex DeBrincat           60     1   2  2  
 2 Dylan Larkin             Johnny Gaudreau          40     1   2  2  

4 vs 4 Defense
   Defense                  Defense                  Time % Phy DF OF 
 1 Brent Burns              Jaccob Slavin            60     1   2  2  
 2 Esa Lindell              Luke Schenn              40     1   2  2  

Last Minutes Offensive
   Center                   Left Wing                Right Wing               Defense                  Defense                  
   Aleksander Barkov        Alex DeBrincat           Reilly Smith             Brent Burns              Jaccob Slavin            

Last Minutes Defensive
   Center                   Left Wing                Right Wing               Defense                  Defense                  
   Aleksander Barkov        Alex DeBrincat           Reilly Smith             Brent Burns              Jaccob Slavin            

Goaltenders
Starting : Juuse Saros              
Backup : Charlie Lindgren         

Extra Forwards
Normal : Jean-Gabriel Pageau, Jimmy Vesey, Tanner Jeannot - PP : Jean-Gabriel Pageau, Jimmy Vesey - PK : Tanner Jeannot
Extra Defensemen
Normal : Travis Hamonic, Dmitry Kulikov, Luke Schenn - PP : Travis Hamonic - PK : Dmitry Kulikov, Luke Schenn
Penalty Shots
Alex DeBrincat, Dylan Larkin, Johnny Gaudreau, Aleksander Barkov, Reilly Smith

Scratches
None


% Time on Ice - DALLAS Stars

Lines # - Real PCT - Wanted PCT - Time Play
Normal Forward
1 - 35% - 35% - 15:28
2 - 32% - 30% - 13:47
3 - 17% - 20% - 7:26
4 - 16% - 15% - 7:00
Normal Defense
1 - 38% - 40% - 16:36
2 - 31% - 30% - 13:24
3 - 26% - 20% - 11:32
4 - 5% - 10% - 2:09
PP Forward
1 - 62% - 60% - 6:45
2 - 38% - 40% - 4:12
PP Defense
1 - 56% - 60% - 6:10
2 - 44% - 40% - 4:47
PK Forward
1 - 77% - 60% - 3:59
2 - 23% - 40% - 1:10
PK Defense
1 - 50% - 60% - 2:36
2 - 50% - 40% - 2:33
PK3 Forward
1 - 0% - 60%
2 - 0% - 40%
PK3 Defense
1 - 0% - 60%
2 - 0% - 40%
44 Forward
1 - 100% - 60% - 0:13
2 - 0% - 40% - 0:00
44 Defense
1 - 100% - 60% - 0:13
2 - 0% - 40% - 0:00
Last Minute Offensive  - 0:00
Last Minute Defensive  - 0:00
Total
Forward - 60:00
Defense - 60:00

% Time on Ice - NASHVILLE Predators

Lines # - Real PCT - Wanted PCT - Time Play
Normal Forward
1 - 33% - 40% - 14:30
2 - 30% - 30% - 13:15
3 - 22% - 20% - 9:48
4 - 14% - 10% - 6:08
Normal Defense
1 - 37% - 40% - 15:58
2 - 33% - 30% - 14:30
3 - 26% - 20% - 11:16
4 - 4% - 10% - 1:57
PP Forward
1 - 56% - 60% - 2:52
2 - 44% - 40% - 2:17
PP Defense
1 - 61% - 60% - 3:08
2 - 39% - 40% - 2:01
PK Forward
1 - 76% - 60% - 8:17
2 - 24% - 40% - 2:40
PK Defense
1 - 50% - 60% - 5:31
2 - 50% - 40% - 5:26
PK3 Forward
1 - 0% - 60%
2 - 0% - 40%
PK3 Defense
1 - 0% - 60%
2 - 0% - 40%
44 Forward
1 - 100% - 60% - 0:13
2 - 0% - 40% - 0:00
44 Defense
1 - 100% - 60% - 0:13
2 - 0% - 40% - 0:00
Last Minute Offensive  - 0:00
Last Minute Defensive  - 0:00
Total
Forward - 60:00
Defense - 60:00

Play-by-Play

1st period


0:01 of 1st period - Aleksander Barkov wins face-off versus Peyton Krebs in neutral zone.
0:25 of 1st period - Peyton Krebs is hit by Brent Burns and loses puck.
0:31 of 1st period - Icing by Aleksander Barkov.
0:32 of 1st period - Jesperi Kotkaniemi wins face-off versus Aleksander Barkov in NASHVILLE Predators zone.
0:42 of 1st period - Jaccob Slavin is hit by Conor Timmins.
1:03 of 1st period - Icing by Marc-Edouard Vlasic.
1:04 of 1st period - Dylan Larkin wins face-off versus Jesperi Kotkaniemi in DALLAS Stars zone.
1:13 of 1st period - Shot by Dylan Larkin.
1:13 of 1st period - Shot Misses the Net.
1:37 of 1st period - Dylan Larkin is hit by Marc-Edouard Vlasic and loses puck.
1:46 of 1st period - Shot by Johnny Gaudreau.
1:46 of 1st period - Shot Blocked by Conor Timmins.
1:48 of 1st period - Shot by Luke Schenn.
1:48 of 1st period - Shot Misses the Net.
2:16 of 1st period - Shot by Alexander Radulov.
2:16 of 1st period - Stopped by Juuse Saros without a rebound.
2:17 of 1st period - Jonatan Berggren wins face-off versus Paul Cotter in NASHVILLE Predators zone.
2:17 of 1st period - Jonatan Berggren is hit by Andreas Johnsson.
2:24 of 1st period - Jaccob Slavin is hit by Cal Clutterbuck and loses puck.
3:10 of 1st period - Jaccob Slavin is hit by Ryan Suter and loses puck.
3:30 of 1st period - Ryan Suter is hit by Travis Hamonic and loses puck.
3:58 of 1st period - Shot by Viktor Arvidsson.
3:58 of 1st period - Stopped by Juuse Saros without a rebound.
3:59 of 1st period - Nicklas Backstrom wins face-off versus Jean-Gabriel Pageau in NASHVILLE Predators zone.
4:40 of 1st period - Icing by Aliaksei Protas.
4:41 of 1st period - Nicklas Backstrom wins face-off versus Dylan Larkin in DALLAS Stars zone.
4:41 of 1st period - Nicklas Backstrom is hit by Dylan Larkin.
5:08 of 1st period - Minor Penalty to Peyton Krebs for Slashing.
5:09 of 1st period - Aleksander Barkov wins face-off versus Paul Cotter in DALLAS Stars zone.
5:10 of 1st period - Shot by Brent Burns.
5:10 of 1st period - Shot Misses the Net.
5:12 of 1st period - Shot by Jaccob Slavin.
5:12 of 1st period - Goal by Jaccob Slavin - DALLAS Stars : 0 - NASHVILLE Predators : 1.
5:13 of 1st period - Aleksander Barkov wins face-off versus Peyton Krebs in neutral zone.
5:21 of 1st period - Minor Penalty to Tanner Jeannot for High sticking.
5:22 of 1st period - Jean-Gabriel Pageau wins face-off versus Peyton Krebs in NASHVILLE Predators zone.
5:36 of 1st period - Shot by Peyton Krebs.
5:36 of 1st period - Stopped by Juuse Saros without a rebound.
5:37 of 1st period - Jean-Gabriel Pageau wins face-off versus Jesperi Kotkaniemi in NASHVILLE Predators zone.
5:52 of 1st period - Shot by Jean-Gabriel Pageau.
5:52 of 1st period - Stopped by Matthew Villalta with a rebound.
7:00 of 1st period - Shot by Alexander Radulov.
7:00 of 1st period - Shot Misses the Net.
7:10 of 1st period - Shot by Conor Timmins.
7:10 of 1st period - Stopped by Juuse Saros without a rebound.
7:11 of 1st period - Jean-Gabriel Pageau wins face-off versus Peyton Krebs in NASHVILLE Predators zone.
7:28 of 1st period - Shot by Cal Clutterbuck.
7:28 of 1st period - Stopped by Juuse Saros without a rebound.
7:29 of 1st period - Paul Cotter wins face-off versus Dylan Gambrell in NASHVILLE Predators zone.
7:29 of 1st period - Paul Cotter is hit by Dmitry Kulikov.
8:06 of 1st period - Dylan Gambrell is hit by Patrik Nemeth and loses puck.
8:36 of 1st period - Shot by Dylan Larkin.
8:36 of 1st period - Shot Blocked by Marc-Edouard Vlasic.
9:08 of 1st period - Off-side.
9:09 of 1st period - Aleksander Barkov wins face-off versus Jesperi Kotkaniemi in neutral zone.
10:01 of 1st period - Icing by Juuso Valimaki.
10:02 of 1st period - Jesperi Kotkaniemi wins face-off versus Jean-Gabriel Pageau in DALLAS Stars zone.
11:01 of 1st period - Icing by Travis Hamonic.
11:02 of 1st period - Dylan Larkin wins face-off versus Peyton Krebs in NASHVILLE Predators zone.
11:02 of 1st period - Dylan Larkin is hit by Peyton Krebs.
11:39 of 1st period - Shot by Pavel Zacha.
11:39 of 1st period - Goal by Pavel Zacha - DALLAS Stars : 0 - NASHVILLE Predators : 2.
11:39 of 1st period - Carter Hart enters game.
11:40 of 1st period - Jesperi Kotkaniemi wins face-off versus Aleksander Barkov in neutral zone.
11:50 of 1st period - Shot by Jesperi Kotkaniemi.
11:50 of 1st period - Shot Misses the Net.
11:54 of 1st period - Shot by Jesperi Kotkaniemi.
11:54 of 1st period - Stopped by Juuse Saros without a rebound.
11:55 of 1st period - Jean-Gabriel Pageau wins face-off versus Nicklas Backstrom in NASHVILLE Predators zone.
12:16 of 1st period - Conor Timmins is hit by Jimmy Vesey and loses puck.
12:30 of 1st period - Icing by Jimmy Vesey.
12:31 of 1st period - Jean-Gabriel Pageau wins face-off versus Peyton Krebs in NASHVILLE Predators zone.
12:45 of 1st period - Icing by Jaccob Slavin.
12:46 of 1st period - Jean-Gabriel Pageau wins face-off versus Jesperi Kotkaniemi in NASHVILLE Predators zone.
14:01 of 1st period - Shot by Sonny Milano.
14:01 of 1st period - Shot Blocked by Luke Schenn.
14:05 of 1st period - Shot by Viktor Arvidsson.
14:05 of 1st period - Goal by Viktor Arvidsson - DALLAS Stars : 1 - NASHVILLE Predators : 2.
14:06 of 1st period - Nicklas Backstrom wins face-off versus Dylan Larkin in neutral zone.
14:49 of 1st period - Icing by Dmitry Kulikov.
14:50 of 1st period - Dylan Larkin wins face-off versus Peyton Krebs in NASHVILLE Predators zone.
14:50 of 1st period - Dylan Larkin is hit by Peyton Krebs.
14:56 of 1st period - Ryan Suter is hit by Pavel Zacha and loses puck.
15:11 of 1st period - Shot by Sonny Milano.
15:11 of 1st period - Shot Blocked by Jimmy Vesey.
15:23 of 1st period - Viktor Arvidsson is hit by Brent Burns and loses puck.
15:36 of 1st period - Shot by Jean-Gabriel Pageau.
15:36 of 1st period - Shot Misses the Net.
16:22 of 1st period - Shot by Emil Bemstrom.
16:22 of 1st period - Stopped by Juuse Saros with a rebound.
16:45 of 1st period - Shot by Aleksander Barkov.
16:45 of 1st period - Stopped by Carter Hart with a rebound.
17:03 of 1st period - Shot by Dylan Larkin.
17:03 of 1st period - Stopped by Carter Hart without a rebound.
17:04 of 1st period - Andreas Johnsson wins face-off versus Dylan Gambrell in DALLAS Stars zone.
17:04 of 1st period - Andreas Johnsson is hit by Dylan Gambrell.
17:07 of 1st period - Marc-Edouard Vlasic is hit by Dylan Gambrell and loses puck.
17:16 of 1st period - Icing by Travis Hamonic.
17:17 of 1st period - Dylan Gambrell wins face-off versus Nicklas Backstrom in NASHVILLE Predators zone.
18:20 of 1st period - Shot by Aleksander Barkov.
18:20 of 1st period - Deflect By Tanner Jeannot.
18:20 of 1st period - Stopped by Carter Hart without a rebound.
18:21 of 1st period - Dylan Larkin wins face-off versus Peyton Krebs in DALLAS Stars zone.
18:24 of 1st period - Shot by Pavel Zacha.
18:24 of 1st period - Stopped by Carter Hart without a rebound.
18:25 of 1st period - Pavel Zacha wins face-off versus Peyton Krebs in DALLAS Stars zone.
18:28 of 1st period - Shot by Johnny Gaudreau.
18:28 of 1st period - Stopped by Carter Hart without a rebound.
18:29 of 1st period - Aleksander Barkov wins face-off versus Peyton Krebs in DALLAS Stars zone.
18:34 of 1st period - Shot by Aleksander Barkov.
18:34 of 1st period - Shot Misses the Net.
19:39 of 1st period - Travis Hamonic is hit by Jesperi Kotkaniemi.
19:51 of 1st period - Shot by Dylan Larkin.
19:51 of 1st period - Stopped by Carter Hart without a rebound.
19:52 of 1st period - Paul Cotter wins face-off versus Jean-Gabriel Pageau in DALLAS Stars zone.
Goals for this period are 1 for DALLAS Stars vs 2 for NASHVILLE Predators.
Shots for this period are 8 for DALLAS Stars vs 9 for NASHVILLE Predators.

2nd period


0:01 of 2nd period - Aleksander Barkov wins face-off versus Peyton Krebs in neutral zone.
1:41 of 2nd period - Shot by Dylan Larkin.
1:41 of 2nd period - Shot Misses the Net.
1:57 of 2nd period - Shot by Dylan Larkin.
1:57 of 2nd period - Stopped by Carter Hart without a rebound.
1:58 of 2nd period - Jean-Gabriel Pageau wins face-off versus Paul Cotter in DALLAS Stars zone.
1:58 of 2nd period - Jean-Gabriel Pageau is hit by Patrik Nemeth.
2:17 of 2nd period - Icing by Jean-Gabriel Pageau.
2:18 of 2nd period - Peyton Krebs wins face-off versus Jean-Gabriel Pageau in NASHVILLE Predators zone.
2:29 of 2nd period - Shot by Viktor Arvidsson.
2:29 of 2nd period - Shot Misses the Net.
2:35 of 2nd period - Peyton Krebs is hit by Jimmy Vesey and loses puck.
3:15 of 2nd period - Minor Penalty to Tanner Jeannot for Tripping.
3:16 of 2nd period - Aleksander Barkov wins face-off versus Jesperi Kotkaniemi in NASHVILLE Predators zone.
3:16 of 2nd period - Aleksander Barkov is hit by Jesperi Kotkaniemi.
3:32 of 2nd period - Shot by Conor Timmins.
3:32 of 2nd period - Shot Misses the Net.
3:34 of 2nd period - Shot by Jesperi Kotkaniemi.
3:34 of 2nd period - Stopped by Juuse Saros without a rebound.
3:35 of 2nd period - Jean-Gabriel Pageau wins face-off versus Peyton Krebs in NASHVILLE Predators zone.
3:35 of 2nd period - Jean-Gabriel Pageau is hit by Sonny Milano.
4:32 of 2nd period - Icing by Ryan Suter.
4:33 of 2nd period - Pavel Zacha wins face-off versus Jesperi Kotkaniemi in DALLAS Stars zone.
4:47 of 2nd period - Icing by Viktor Arvidsson.
4:48 of 2nd period - Aleksander Barkov wins face-off versus Jesperi Kotkaniemi in DALLAS Stars zone.
4:48 of 2nd period - Aleksander Barkov is hit by Ryan Suter.
4:53 of 2nd period - Alex DeBrincat is hit by Juuso Valimaki and loses puck.
5:01 of 2nd period - Minor Penalty to Jesperi Kotkaniemi for Boarding.
5:02 of 2nd period - Aleksander Barkov wins face-off versus Peyton Krebs in DALLAS Stars zone.
5:03 of 2nd period - Shot by Alex DeBrincat.
5:03 of 2nd period - Stopped by Carter Hart without a rebound.
5:04 of 2nd period - Aleksander Barkov wins face-off versus Aliaksei Protas in DALLAS Stars zone.
5:25 of 2nd period - Shot by Pavel Zacha.
5:25 of 2nd period - Shot Blocked by Marc-Edouard Vlasic.
5:27 of 2nd period - Shot by Jaccob Slavin.
5:27 of 2nd period - Shot Blocked by Paul Cotter.
5:29 of 2nd period - Shot by Brent Burns.
5:29 of 2nd period - Goal by Brent Burns - DALLAS Stars : 1 - NASHVILLE Predators : 3.
5:30 of 2nd period - Jesperi Kotkaniemi wins face-off versus Dylan Gambrell in neutral zone.
5:35 of 2nd period - Shot by Emil Bemstrom.
5:35 of 2nd period - Stopped by Juuse Saros without a rebound.
5:36 of 2nd period - Dylan Larkin wins face-off versus Jesperi Kotkaniemi in NASHVILLE Predators zone.
5:36 of 2nd period - Esa Lindell is hit by Brendan Gallagher and loses puck.
6:23 of 2nd period - Jesperi Kotkaniemi is hit by Luke Schenn and loses puck.
6:50 of 2nd period - Icing by Esa Lindell.
6:51 of 2nd period - Nicklas Backstrom wins face-off versus Dylan Larkin in NASHVILLE Predators zone.
6:58 of 2nd period - Nicklas Backstrom is hit by Dylan Larkin and loses puck.
7:16 of 2nd period - Icing by Brent Burns.
7:17 of 2nd period - Peyton Krebs wins face-off versus Aleksander Barkov in NASHVILLE Predators zone.
7:37 of 2nd period - Minor Penalty to Peyton Krebs for Roughing.
7:38 of 2nd period - Paul Cotter wins face-off versus Aleksander Barkov in DALLAS Stars zone.
8:27 of 2nd period - Shot by Esa Lindell.
8:27 of 2nd period - Shot Blocked by Conor Timmins.
8:29 of 2nd period - Shot by Pavel Zacha.
8:29 of 2nd period - Goal by Pavel Zacha - DALLAS Stars : 1 - NASHVILLE Predators : 4.
8:29 of 2nd period - Matthew Villalta enters game.
8:30 of 2nd period - Peyton Krebs wins face-off versus Jean-Gabriel Pageau in neutral zone.
8:33 of 2nd period - Jean-Gabriel Pageau is hit by Peyton Krebs and loses puck.
8:38 of 2nd period - Shot by Sonny Milano.
8:38 of 2nd period - Goal by Sonny Milano - DALLAS Stars : 2 - NASHVILLE Predators : 4.
8:39 of 2nd period - Jesperi Kotkaniemi wins face-off versus Jean-Gabriel Pageau in neutral zone.
8:39 of 2nd period - Jesperi Kotkaniemi is hit by Jean-Gabriel Pageau.
8:42 of 2nd period - Juuso Valimaki is hit by Luke Schenn and loses puck.
8:58 of 2nd period - Emil Bemstrom is hit by Luke Schenn and loses puck.
9:01 of 2nd period - Shot by Jesperi Kotkaniemi.
9:01 of 2nd period - Stopped by Juuse Saros without a rebound.
9:02 of 2nd period - Dylan Gambrell wins face-off versus Peyton Krebs in NASHVILLE Predators zone.
9:02 of 2nd period - Dylan Gambrell is hit by Peyton Krebs.
9:31 of 2nd period - Shot by Jonatan Berggren.
9:31 of 2nd period - Stopped by Matthew Villalta with a rebound.
9:40 of 2nd period - Icing by Conor Timmins.
9:41 of 2nd period - Aleksander Barkov wins face-off versus Peyton Krebs in DALLAS Stars zone.
10:27 of 2nd period - Icing by Ryan Suter.
10:28 of 2nd period - Jesperi Kotkaniemi wins face-off versus Dylan Larkin in DALLAS Stars zone.
10:39 of 2nd period - Ryan Suter is hit by Dylan Larkin and loses puck.
11:20 of 2nd period - Jesperi Kotkaniemi is hit by Dylan Larkin and loses puck.
11:28 of 2nd period - Icing by Juuso Valimaki.
11:29 of 2nd period - Jesperi Kotkaniemi wins face-off versus Tanner Jeannot in DALLAS Stars zone.
11:29 of 2nd period - Jesperi Kotkaniemi is hit by Tanner Jeannot.
11:34 of 2nd period - Minor Penalty to Brent Burns for Delaying the game.
11:35 of 2nd period - Jean-Gabriel Pageau wins face-off versus Peyton Krebs in NASHVILLE Predators zone.
11:35 of 2nd period - Jean-Gabriel Pageau is hit by Peyton Krebs.
11:51 of 2nd period - Shot by Alexander Radulov.
11:51 of 2nd period - Shot Misses the Net.
11:53 of 2nd period - Shot by Viktor Arvidsson.
11:53 of 2nd period - Deflect By Aliaksei Protas.
11:53 of 2nd period - Stopped by Juuse Saros without a rebound.
11:54 of 2nd period - Jean-Gabriel Pageau wins face-off versus Peyton Krebs in NASHVILLE Predators zone.
12:22 of 2nd period - Icing by Conor Timmins.
12:23 of 2nd period - Peyton Krebs wins face-off versus Jean-Gabriel Pageau in DALLAS Stars zone.
12:28 of 2nd period - Shot by Sonny Milano.
12:28 of 2nd period - Stopped by Juuse Saros without a rebound.
12:29 of 2nd period - Jean-Gabriel Pageau wins face-off versus Jesperi Kotkaniemi in NASHVILLE Predators zone.
12:29 of 2nd period - Jean-Gabriel Pageau is hit by Jesperi Kotkaniemi.
12:45 of 2nd period - Off-side.
12:46 of 2nd period - Jesperi Kotkaniemi wins face-off versus Jean-Gabriel Pageau in neutral zone.
12:49 of 2nd period - Shot by Juuso Valimaki.
12:49 of 2nd period - Goal by Juuso Valimaki - DALLAS Stars : 3 - NASHVILLE Predators : 4.
12:50 of 2nd period - Dylan Larkin wins face-off versus Andreas Johnsson in neutral zone.
12:55 of 2nd period - Shot by Brent Burns.
12:55 of 2nd period - Shot Misses the Net.
12:57 of 2nd period - Shot by Brent Burns.
12:57 of 2nd period - Shot Misses the Net.
13:01 of 2nd period - Shot by Brent Burns.
13:01 of 2nd period - Shot Misses the Net.
13:03 of 2nd period - Shot by Brent Burns.
13:03 of 2nd period - Goal by Brent Burns - DALLAS Stars : 3 - NASHVILLE Predators : 5.
13:04 of 2nd period - Peyton Krebs wins face-off versus Aleksander Barkov in neutral zone.
13:16 of 2nd period - Icing by Luke Schenn.
13:17 of 2nd period - Aleksander Barkov wins face-off versus Nicklas Backstrom in NASHVILLE Predators zone.
13:51 of 2nd period - Shot by Alex DeBrincat.
13:51 of 2nd period - Shot Misses the Net.
13:53 of 2nd period - Shot by Aleksander Barkov.
13:53 of 2nd period - Shot Blocked by Marc-Edouard Vlasic.
13:55 of 2nd period - Shot by Luke Schenn.
13:55 of 2nd period - Stopped by Matthew Villalta without a rebound.
13:56 of 2nd period - Peyton Krebs wins face-off versus Dylan Larkin in DALLAS Stars zone.
14:02 of 2nd period - Minor Penalty to Juuso Valimaki for Holding.
14:03 of 2nd period - Dylan Larkin wins face-off versus Paul Cotter in DALLAS Stars zone.
15:02 of 2nd period - Shot by Esa Lindell.
15:02 of 2nd period - Stopped by Matthew Villalta with a rebound.
15:59 of 2nd period - Shot by Pavel Zacha.
15:59 of 2nd period - Stopped by Matthew Villalta without a rebound.
16:00 of 2nd period - Sonny Milano wins face-off versus Dylan Larkin in DALLAS Stars zone.
16:00 of 2nd period - Sonny Milano is hit by Pavel Zacha.
16:16 of 2nd period - Shot by Viktor Arvidsson.
16:16 of 2nd period - Shot Misses the Net.
16:29 of 2nd period - Icing by Viktor Arvidsson.
16:30 of 2nd period - Viktor Arvidsson wins face-off versus Jean-Gabriel Pageau in DALLAS Stars zone.
16:51 of 2nd period - Shot by Peyton Krebs.
16:51 of 2nd period - Shot Misses the Net.
16:57 of 2nd period - Shot by Jimmy Vesey.
16:57 of 2nd period - Shot Misses the Net.
16:59 of 2nd period - Shot by Reilly Smith.
16:59 of 2nd period - Stopped by Matthew Villalta without a rebound.
17:00 of 2nd period - Jesperi Kotkaniemi wins face-off versus Aleksander Barkov in DALLAS Stars zone.
17:00 of 2nd period - Patrik Nemeth is hit by Tanner Jeannot.
17:10 of 2nd period - Shot by Jesperi Kotkaniemi.
17:10 of 2nd period - Stopped by Juuse Saros without a rebound.
17:11 of 2nd period - Dylan Larkin wins face-off versus Andreas Johnsson in NASHVILLE Predators zone.
17:35 of 2nd period - Shot by Andreas Johnsson.
17:35 of 2nd period - Shot Misses the Net.
17:37 of 2nd period - Shot by Conor Timmins.
17:37 of 2nd period - Shot Blocked by Brent Burns.
17:49 of 2nd period - Conor Timmins is hit by Pavel Zacha.
18:04 of 2nd period - Icing by Cal Clutterbuck.
18:05 of 2nd period - Aleksander Barkov wins face-off versus Paul Cotter in DALLAS Stars zone.
18:08 of 2nd period - Shot by Alex DeBrincat.
18:08 of 2nd period - Shot Blocked by Marc-Edouard Vlasic.
18:15 of 2nd period - Minor Penalty to Tanner Jeannot for Roughing.
18:16 of 2nd period - Jean-Gabriel Pageau wins face-off versus Jesperi Kotkaniemi in NASHVILLE Predators zone.
18:35 of 2nd period - Alex DeBrincat is hit by Jesperi Kotkaniemi and loses puck.
19:17 of 2nd period - Shot by Alexander Radulov.
19:17 of 2nd period - Shot Misses the Net.
19:19 of 2nd period - Shot by Alexander Radulov.
19:19 of 2nd period - Shot Blocked by Esa Lindell.
19:58 of 2nd period - Shot by Ryan Suter.
19:58 of 2nd period - Shot Blocked by Jaccob Slavin.
Goals for this period are 2 for DALLAS Stars vs 3 for NASHVILLE Predators.
Shots for this period are 8 for DALLAS Stars vs 10 for NASHVILLE Predators.

3rd period


0:01 of 3rd period - Jean-Gabriel Pageau wins face-off versus Jesperi Kotkaniemi in neutral zone.
0:49 of 3rd period - Johnny Gaudreau is hit by Marc-Edouard Vlasic and loses puck.
0:56 of 3rd period - Shot by Dylan Larkin.
0:56 of 3rd period - Shot Misses the Net.
0:58 of 3rd period - Shot by Brent Burns.
0:58 of 3rd period - Goal by Brent Burns - DALLAS Stars : 3 - NASHVILLE Predators : 6.
0:59 of 3rd period - Aleksander Barkov wins face-off versus Peyton Krebs in neutral zone.
1:14 of 3rd period - Shot by Aleksander Barkov.
1:14 of 3rd period - Stopped by Matthew Villalta without a rebound.
1:15 of 3rd period - Jean-Gabriel Pageau wins face-off versus Jesperi Kotkaniemi in DALLAS Stars zone.
1:15 of 3rd period - Travis Hamonic is hit by Patrik Nemeth and loses puck.
2:07 of 3rd period - Minor Penalty to Tanner Jeannot for Holding.
2:08 of 3rd period - Peyton Krebs wins face-off versus Jean-Gabriel Pageau in NASHVILLE Predators zone.
2:19 of 3rd period - Shot by Viktor Arvidsson.
2:19 of 3rd period - Shot Hit the Post.
2:49 of 3rd period - Shot by Peyton Krebs.
2:49 of 3rd period - Stopped by Juuse Saros without a rebound.
2:50 of 3rd period - Peyton Krebs wins face-off versus Jean-Gabriel Pageau in NASHVILLE Predators zone.
3:03 of 3rd period - Shot by Conor Timmins.
3:03 of 3rd period - Deflect By Peyton Krebs.
3:03 of 3rd period - Shot Misses the Net.
3:05 of 3rd period - Shot by Conor Timmins.
3:05 of 3rd period - Stopped by Juuse Saros without a rebound.
3:06 of 3rd period - Pavel Zacha wins face-off versus Jesperi Kotkaniemi in NASHVILLE Predators zone.
3:13 of 3rd period - Shot by Viktor Arvidsson.
3:13 of 3rd period - Stopped by Juuse Saros without a rebound.
3:14 of 3rd period - Alex DeBrincat wins face-off versus Jesperi Kotkaniemi in NASHVILLE Predators zone.
3:22 of 3rd period - Off-side.
3:23 of 3rd period - Jean-Gabriel Pageau wins face-off versus Peyton Krebs in neutral zone.
3:23 of 3rd period - Jaccob Slavin is hit by Peyton Krebs and loses puck.
3:36 of 3rd period - Shot by Peyton Krebs.
3:36 of 3rd period - Shot Misses the Net.
3:38 of 3rd period - Shot by Juuso Valimaki.
3:38 of 3rd period - Shot Misses the Net.
3:40 of 3rd period - Shot by Emil Bemstrom.
3:40 of 3rd period - Shot Misses the Net.
3:42 of 3rd period - Shot by Emil Bemstrom.
3:42 of 3rd period - Stopped by Juuse Saros without a rebound.
3:43 of 3rd period - Jesperi Kotkaniemi wins face-off versus Pavel Zacha in NASHVILLE Predators zone.
3:54 of 3rd period - Luke Schenn is hit by Jesperi Kotkaniemi and loses puck.
5:06 of 3rd period - Paul Cotter is hit by Luke Schenn and loses puck.
5:23 of 3rd period - Shot by Peyton Krebs.
5:23 of 3rd period - Shot Misses the Net.
5:25 of 3rd period - Shot by Viktor Arvidsson.
5:25 of 3rd period - Shot Misses the Net.
5:27 of 3rd period - Shot by Viktor Arvidsson.
5:27 of 3rd period - Shot Misses the Net.
6:25 of 3rd period - Shot by Emil Bemstrom.
6:25 of 3rd period - Shot Blocked by Dmitry Kulikov.
6:39 of 3rd period - Shot by Jesperi Kotkaniemi.
6:39 of 3rd period - Stopped by Juuse Saros without a rebound.
6:40 of 3rd period - Pavel Zacha wins face-off versus Aliaksei Protas in NASHVILLE Predators zone.
6:48 of 3rd period - Brent Burns is hit by Patrik Nemeth and loses puck.
6:52 of 3rd period - Icing by Nicklas Backstrom.
6:53 of 3rd period - Jean-Gabriel Pageau wins face-off versus Nicklas Backstrom in DALLAS Stars zone.
7:18 of 3rd period - Shot by Reilly Smith.
7:18 of 3rd period - Stopped by Matthew Villalta with a rebound.
7:20 of 3rd period - Shot by Jaccob Slavin.
7:20 of 3rd period - Stopped by Matthew Villalta without a rebound.
7:21 of 3rd period - Peyton Krebs wins face-off versus Aleksander Barkov in DALLAS Stars zone.
7:23 of 3rd period - Icing by Ryan Suter.
7:24 of 3rd period - Peyton Krebs wins face-off versus Alex DeBrincat in DALLAS Stars zone.
7:24 of 3rd period - Peyton Krebs is hit by Tanner Jeannot.
7:31 of 3rd period - Minor Penalty to Luke Schenn for Tripping.
7:32 of 3rd period - Jean-Gabriel Pageau wins face-off versus Aliaksei Protas in NASHVILLE Predators zone.
8:01 of 3rd period - Shot by Viktor Arvidsson.
8:01 of 3rd period - Shot Misses the Net.
8:45 of 3rd period - Icing by Conor Timmins.
8:46 of 3rd period - Jean-Gabriel Pageau wins face-off versus Peyton Krebs in DALLAS Stars zone.
9:07 of 3rd period - Shot by Sonny Milano.
9:07 of 3rd period - Shot Hit the Post.
9:09 of 3rd period - Shot by Sonny Milano.
9:09 of 3rd period - Shot Misses the Net.
9:11 of 3rd period - Shot by Conor Timmins.
9:11 of 3rd period - Shot Blocked by Pavel Zacha.
9:13 of 3rd period - Shot by Conor Timmins.
9:13 of 3rd period - Shot Blocked by Jaccob Slavin.
9:28 of 3rd period - Icing by Jesperi Kotkaniemi.
9:29 of 3rd period - Jesperi Kotkaniemi wins face-off versus Jean-Gabriel Pageau in DALLAS Stars zone.
9:39 of 3rd period - Shot by Dylan Gambrell.
9:39 of 3rd period - Stopped by Matthew Villalta without a rebound.
9:40 of 3rd period - Paul Cotter wins face-off versus Aleksander Barkov in DALLAS Stars zone.
9:42 of 3rd period - Icing by Sean Walker.
9:43 of 3rd period - Aleksander Barkov wins face-off versus Paul Cotter in DALLAS Stars zone.
9:43 of 3rd period - Aleksander Barkov is hit by Patrik Nemeth.
10:09 of 3rd period - Shot by Aleksander Barkov.
10:09 of 3rd period - Stopped by Matthew Villalta without a rebound.
10:10 of 3rd period - Peyton Krebs wins face-off versus Dylan Larkin in DALLAS Stars zone.
10:23 of 3rd period - Shot by Johnny Gaudreau.
10:23 of 3rd period - Stopped by Matthew Villalta without a rebound.
10:24 of 3rd period - Aleksander Barkov wins face-off versus Jesperi Kotkaniemi in DALLAS Stars zone.
10:30 of 3rd period - Alex DeBrincat is hit by Conor Timmins and loses puck.
11:05 of 3rd period - Shot by Jesperi Kotkaniemi.
11:05 of 3rd period - Goal by Jesperi Kotkaniemi - DALLAS Stars : 4 - NASHVILLE Predators : 6.
11:06 of 3rd period - Peyton Krebs wins face-off versus Dylan Larkin in neutral zone.
11:17 of 3rd period - Shot by Sonny Milano.
11:17 of 3rd period - Stopped by Juuse Saros with a rebound.
11:32 of 3rd period - Minor Penalty to Peyton Krebs for Holding.
11:33 of 3rd period - Paul Cotter wins face-off versus Aleksander Barkov in DALLAS Stars zone.
12:30 of 3rd period - Shot by Dylan Larkin.
12:30 of 3rd period - Stopped by Matthew Villalta without a rebound.
12:31 of 3rd period - Dylan Larkin wins face-off versus Paul Cotter in DALLAS Stars zone.
12:34 of 3rd period - Shot by Travis Hamonic.
12:34 of 3rd period - Stopped by Matthew Villalta with a rebound.
12:36 of 3rd period - Shot by Pavel Zacha.
12:36 of 3rd period - Stopped by Matthew Villalta without a rebound.
12:37 of 3rd period - Dylan Larkin wins face-off versus Paul Cotter in DALLAS Stars zone.
12:54 of 3rd period - Shot by Pavel Zacha.
12:54 of 3rd period - Stopped by Matthew Villalta without a rebound.
12:55 of 3rd period - Aleksander Barkov wins face-off versus Sonny Milano in DALLAS Stars zone.
12:56 of 3rd period - Shot by Brent Burns.
12:56 of 3rd period - Stopped by Matthew Villalta without a rebound.
12:57 of 3rd period - Aleksander Barkov wins face-off versus Paul Cotter in DALLAS Stars zone.
13:14 of 3rd period - Shot by Brent Burns.
13:14 of 3rd period - Stopped by Matthew Villalta without a rebound.
13:15 of 3rd period - Paul Cotter wins face-off versus Dylan Larkin in DALLAS Stars zone.
13:24 of 3rd period - Shot by Reilly Smith.
13:24 of 3rd period - Shot Blocked by Sean Walker.
13:26 of 3rd period - Shot by Esa Lindell.
13:26 of 3rd period - Stopped by Matthew Villalta without a rebound.
13:27 of 3rd period - Alex DeBrincat wins face-off versus Paul Cotter in DALLAS Stars zone.
13:28 of 3rd period - Shot by Jaccob Slavin.
13:28 of 3rd period - Stopped by Matthew Villalta without a rebound.
13:29 of 3rd period - Aleksander Barkov wins face-off versus Paul Cotter in DALLAS Stars zone.
13:39 of 3rd period - Reilly Smith is hit by Juuso Valimaki and loses puck.
14:00 of 3rd period - Viktor Arvidsson is hit by Jimmy Vesey and loses puck.
14:32 of 3rd period - Aleksander Barkov is hit by Ryan Suter and loses puck.
15:07 of 3rd period - Shot by Aleksander Barkov.
15:07 of 3rd period - Stopped by Matthew Villalta without a rebound.
15:08 of 3rd period - Nicklas Backstrom wins face-off versus Dylan Larkin in DALLAS Stars zone.
15:15 of 3rd period - Shot by Nicklas Backstrom.
15:15 of 3rd period - Shot Misses the Net.
15:36 of 3rd period - Shot by Pavel Zacha.
15:36 of 3rd period - Shot Misses the Net.
15:46 of 3rd period - Shot by Alexander Radulov.
15:46 of 3rd period - Stopped by Juuse Saros with a rebound.
15:48 of 3rd period - Shot by Nicklas Backstrom.
15:48 of 3rd period - Stopped by Juuse Saros without a rebound.
15:49 of 3rd period - Jesperi Kotkaniemi wins face-off versus Jean-Gabriel Pageau in NASHVILLE Predators zone.
15:49 of 3rd period - Marc-Edouard Vlasic is hit by Luke Schenn and loses puck.
16:24 of 3rd period - Brendan Gallagher is hit by Luke Schenn and loses puck.
16:31 of 3rd period - Shot by Jesperi Kotkaniemi.
16:31 of 3rd period - Stopped by Juuse Saros without a rebound.
16:32 of 3rd period - Aleksander Barkov wins face-off versus Peyton Krebs in NASHVILLE Predators zone.
17:58 of 3rd period - Shot by Johnny Gaudreau.
17:58 of 3rd period - Shot Blocked by Ryan Suter.
18:29 of 3rd period - Shot by Conor Timmins.
18:29 of 3rd period - Stopped by Juuse Saros without a rebound.
18:30 of 3rd period - Jesperi Kotkaniemi wins face-off versus Dylan Gambrell in NASHVILLE Predators zone.
19:49 of 3rd period - Shot by Aleksander Barkov.
19:49 of 3rd period - Shot Misses the Net.
Goals for this period are 1 for DALLAS Stars vs 1 for NASHVILLE Predators.
Shots for this period are 11 for DALLAS Stars vs 16 for NASHVILLE Predators. Output by the SimonT Hockey Simulator (STHS) for Martin Benoit - Original Page W3C HTML5 Valid
Hockey Simulator - Hockey Simulation - Hockey Manager